details: '123-bigffa'

« prev index next »

General information

Mini Map

Players

team 1
HumanSylink (red | 71 APM | 5187 actions | 73:25)
Hero icon 4 Archmage
Ability icon 2 Blizzard
Ability icon 2 Brilliance Aura
Hero icon 4 Mountain King
Ability icon 2 Storm Bolt
Ability icon 2 Bash
Hero icon 4 Blood Mage
Ability icon 2 Flame Strike
Ability icon 2 Siphon Mana

» actions
Assign group hotkey31
Basic commands184
Build / train204
ESC pressed2
Enter build submenu117
Enter hero's abilities submenu12
Give item / drop item1
Remove unit from queue1
Right click1760
Select / deselect845
Select group hotkey1726
Use ability304
5187 total
» units
Peasant31
Dragonhawk Rider7
Flying Machine20
Gryphon Rider4
Sorceress1
63 total
» upgrades
Masonry3
Lumber Harvesting2
Swords2
Cloud1
Armor3
Magic Sentry1
Storm Hammers1
Animal War Training1
Gunpowder3
Flak Cannons1
Flying Machine Bombs1
Plating3
Sorceress Training1
23 total
» buildings
Altar of Kings1
Farm9
Lumber Mill2
Scout Tower165
Arcane Tower5
Guard Tower79
Arcane Vault4
Keep2
Blacksmith1
Castle1
Gryphon Aviary2
Workshop4
Town Hall6
Arcane Sanctum1
Cannon Tower3
Barracks1
286 total
» build order
00:02 Altar of Kings
00:02 Farm
00:32 Lumber Mill
01:03 Scout Tower
01:09 Farm
01:34 Arcane Tower
01:35 Scout Tower
01:36 Scout Tower
02:13 Guard Tower
02:27 Arcane Vault
02:44 Guard Tower
02:46 Scout Tower
02:52 Farm
03:24 Guard Tower
03:55 Keep
04:25 Blacksmith
04:32 Scout Tower
04:33 Scout Tower
05:19 Guard Tower
05:29 Scout Tower
05:30 Scout Tower
05:46 Guard Tower
06:04 Guard Tower
06:13 Scout Tower
06:13 Scout Tower
06:15 Scout Tower
06:21 Scout Tower
06:35 Guard Tower
06:41 Castle
06:46 Arcane Tower
07:25 Scout Tower
07:29 Guard Tower
07:40 Scout Tower
07:41 Scout Tower
07:46 Scout Tower
07:49 Gryphon Aviary
07:53 Gryphon Aviary
08:13 Guard Tower
08:19 Guard Tower
08:44 Scout Tower
08:46 Guard Tower
09:08 Farm
09:11 Guard Tower
09:15 Scout Tower
09:42 Guard Tower
09:45 Guard Tower
09:48 Guard Tower
09:53 Scout Tower
10:19 Guard Tower
10:24 Scout Tower
10:45 Scout Tower
11:02 Guard Tower
11:03 Scout Tower
11:22 Farm
11:24 Scout Tower
11:25 Scout Tower
11:26 Guard Tower
11:33 Scout Tower
11:34 Guard Tower
11:52 Guard Tower
12:03 Scout Tower
12:04 Guard Tower
12:16 Farm
12:19 Guard Tower
12:22 Lumber Mill
12:25 Scout Tower
12:26 Scout Tower
12:33 Guard Tower
12:58 Guard Tower
12:58 Guard Tower
13:38 Scout Tower
13:39 Scout Tower
14:05 Scout Tower
14:06 Scout Tower
14:08 Scout Tower
14:11 Scout Tower
14:12 Scout Tower
14:15 Guard Tower
14:16 Scout Tower
14:17 Scout Tower
14:54 Guard Tower
15:18 Scout Tower
15:19 Scout Tower
15:26 Scout Tower
15:27 Scout Tower
15:29 Guard Tower
15:31 Scout Tower
15:32 Scout Tower
15:49 Scout Tower
15:51 Guard Tower
15:55 Workshop
16:11 Guard Tower
16:14 Guard Tower
16:23 Guard Tower
16:35 Guard Tower
17:15 Town Hall
17:22 Guard Tower
17:38 Guard Tower
18:09 Scout Tower
18:10 Scout Tower
18:10 Scout Tower
18:40 Guard Tower
18:42 Scout Tower
18:42 Scout Tower
19:11 Guard Tower
19:15 Scout Tower
19:15 Scout Tower
19:16 Scout Tower
19:30 Scout Tower
19:30 Scout Tower
19:32 Scout Tower
19:33 Scout Tower
19:34 Scout Tower
19:35 Scout Tower
19:36 Scout Tower
19:37 Scout Tower
19:43 Guard Tower
20:05 Guard Tower
20:11 Arcane Sanctum
20:13 Guard Tower
20:32 Guard Tower
22:10 Town Hall
22:18 Guard Tower
22:25 Scout Tower
22:26 Scout Tower
23:18 Scout Tower
23:19 Scout Tower
23:23 Scout Tower
23:24 Scout Tower
23:24 Scout Tower
23:28 Guard Tower
23:42 Scout Tower
23:43 Scout Tower
24:22 Cannon Tower
24:24 Farm
24:25 Farm
24:33 Arcane Vault
24:35 Guard Tower
24:38 Guard Tower
24:42 Scout Tower
24:42 Scout Tower
24:43 Guard Tower
24:50 Scout Tower
24:50 Scout Tower
25:07 Barracks
26:55 Guard Tower
27:09 Scout Tower
27:10 Scout Tower
27:38 Cannon Tower
28:26 Cannon Tower
28:28 Scout Tower
28:29 Scout Tower
28:29 Scout Tower
28:57 Guard Tower
28:59 Scout Tower
29:34 Guard Tower
30:17 Scout Tower
30:18 Scout Tower
30:20 Scout Tower
30:20 Scout Tower
31:14 Guard Tower
31:17 Guard Tower
32:04 Scout Tower
32:04 Scout Tower
32:22 Scout Tower
32:22 Scout Tower
32:23 Scout Tower
32:24 Scout Tower
32:48 Guard Tower
33:00 Arcane Vault
33:04 Guard Tower
33:06 Scout Tower
33:07 Scout Tower
33:22 Town Hall
33:25 Scout Tower
33:26 Scout Tower
33:28 Scout Tower
33:30 Guard Tower
33:51 Guard Tower
34:28 Scout Tower
34:29 Scout Tower
34:33 Guard Tower
34:35 Scout Tower
34:36 Scout Tower
34:36 Scout Tower
34:37 Scout Tower
35:06 Scout Tower
35:07 Scout Tower
35:07 Scout Tower
35:08 Scout Tower
35:09 Scout Tower
35:09 Scout Tower
35:10 Scout Tower
35:10 Scout Tower
35:12 Guard Tower
35:15 Guard Tower
35:20 Scout Tower
35:20 Scout Tower
35:30 Guard Tower
35:31 Scout Tower
35:31 Scout Tower
36:42 Guard Tower
36:44 Scout Tower
36:45 Scout Tower
36:45 Scout Tower
36:51 Workshop
36:53 Workshop
36:57 Guard Tower
37:47 Guard Tower
38:47 Guard Tower
40:04 Guard Tower
40:46 Workshop
41:29 Scout Tower
41:29 Scout Tower
41:31 Scout Tower
41:49 Farm
42:06 Arcane Vault
42:25 Arcane Tower
43:05 Arcane Tower
43:07 Scout Tower
43:39 Scout Tower
43:40 Arcane Tower
44:19 Guard Tower
55:28 Town Hall
56:54 Town Hall
57:55 Town Hall
59:07 Scout Tower
59:08 Scout Tower
59:09 Scout Tower
59:09 Scout Tower
59:10 Scout Tower
59:16 Scout Tower
59:17 Scout Tower
59:17 Scout Tower
59:20 Scout Tower
59:21 Scout Tower
60:42 Guard Tower
60:43 Scout Tower
60:44 Scout Tower
60:45 Scout Tower
60:47 Guard Tower
61:25 Guard Tower
61:27 Scout Tower
61:28 Scout Tower
61:29 Scout Tower
61:35 Keep
62:46 Guard Tower
62:47 Scout Tower
62:48 Scout Tower
62:48 Scout Tower
62:54 Guard Tower
62:55 Scout Tower
63:35 Guard Tower
63:37 Scout Tower
63:38 Scout Tower
63:38 Scout Tower
63:38 Scout Tower
63:41 Scout Tower
63:41 Scout Tower
63:42 Scout Tower
63:43 Scout Tower
63:45 Guard Tower
64:38 Guard Tower
64:43 Guard Tower
64:46 Scout Tower
64:47 Scout Tower
64:47 Scout Tower
66:13 Guard Tower
66:17 Scout Tower
66:18 Scout Tower
66:30 Guard Tower
67:00 Guard Tower
67:02 Scout Tower
67:07 Scout Tower
67:08 Scout Tower
67:28 Guard Tower
68:31 Guard Tower
72:59 Scout Tower
72:59 Scout Tower
73:01 Scout Tower
73:01 Scout Tower
73:03 Scout Tower
73:04 Scout Tower
73:05 Scout Tower
73:06 Scout Tower
73:11 Scout Tower
» items
Scroll of Regeneration6
Ivory Tower2
Scroll of Town Portal1
Staff of Sanctuary1
Orb of Fire1
11 total
team 2
Humannonent (blue | 77 APM | 4250 actions | 55:11)
Hero icon 6 Blood Mage
Ability icon 3 Flame Strike
Ability icon 2 Siphon Mana
Ability icon 1 Summon Phoenix

» actions
Assign group hotkey13
Basic commands2
Build / train153
Enter build submenu43
Enter hero's abilities submenu6
Give item / drop item6
Remove unit from queue1
Right click1891
Select / deselect394
Select group hotkey1486
Use ability255
4250 total
» units
Peasant27
Flying Machine10
Priest1
Sorceress1
39 total
» upgrades
Masonry3
Lumber Harvesting2
Flying Machine Bombs1
Flak Cannons1
Gunpowder3
Plating3
Priest Training2
Sorceress Training2
Magic Sentry1
18 total
» buildings
Farm7
Altar of Kings1
Lumber Mill3
Arcane Vault1
Scout Tower104
Guard Tower36
Keep1
Castle1
Town Hall3
Blacksmith1
Workshop3
Arcane Sanctum1
162 total
» build order
00:09 Farm
00:10 Farm
00:11 Farm
00:35 Altar of Kings
01:04 Lumber Mill
01:21 Arcane Vault
01:54 Scout Tower
01:55 Scout Tower
01:55 Scout Tower
02:28 Guard Tower
03:21 Guard Tower
03:38 Farm
03:38 Farm
03:39 Farm
03:50 Scout Tower
03:51 Scout Tower
03:53 Scout Tower
04:10 Scout Tower
04:12 Scout Tower
04:13 Scout Tower
04:15 Scout Tower
04:28 Keep
04:49 Guard Tower
04:55 Guard Tower
05:08 Scout Tower
05:09 Scout Tower
05:11 Scout Tower
05:12 Scout Tower
05:45 Guard Tower
05:46 Guard Tower
06:52 Castle
07:04 Town Hall
07:20 Guard Tower
08:10 Scout Tower
08:13 Scout Tower
08:14 Scout Tower
08:15 Scout Tower
08:17 Scout Tower
08:18 Scout Tower
09:00 Blacksmith
09:21 Guard Tower
09:26 Scout Tower
09:28 Scout Tower
09:29 Scout Tower
09:30 Scout Tower
09:31 Scout Tower
09:33 Scout Tower
09:34 Scout Tower
10:07 Guard Tower
10:52 Guard Tower
11:21 Guard Tower
11:27 Workshop
12:15 Guard Tower
12:39 Workshop
12:42 Workshop
12:45 Guard Tower
18:59 Farm
22:16 Lumber Mill
28:50 Arcane Sanctum
30:20 Town Hall
37:29 Scout Tower
37:30 Scout Tower
37:31 Scout Tower
37:31 Scout Tower
37:32 Scout Tower
37:32 Scout Tower
37:34 Scout Tower
37:35 Scout Tower
37:36 Scout Tower
37:37 Scout Tower
37:38 Scout Tower
37:39 Scout Tower
37:40 Scout Tower
37:41 Scout Tower
37:42 Scout Tower
37:43 Scout Tower
37:44 Scout Tower
37:45 Scout Tower
37:46 Scout Tower
37:47 Scout Tower
37:48 Scout Tower
37:51 Scout Tower
37:52 Scout Tower
37:52 Scout Tower
38:03 Scout Tower
38:04 Scout Tower
38:05 Scout Tower
38:06 Scout Tower
38:07 Scout Tower
38:09 Guard Tower
38:31 Scout Tower
38:32 Scout Tower
38:33 Scout Tower
38:34 Scout Tower
38:34 Scout Tower
38:35 Scout Tower
38:35 Scout Tower
38:37 Scout Tower
38:38 Scout Tower
38:42 Guard Tower
38:47 Scout Tower
38:47 Scout Tower
38:48 Scout Tower
38:49 Scout Tower
38:52 Scout Tower
38:53 Scout Tower
38:57 Scout Tower
38:58 Scout Tower
38:59 Scout Tower
39:05 Guard Tower
39:10 Guard Tower
39:13 Guard Tower
39:26 Guard Tower
39:29 Guard Tower
39:36 Guard Tower
39:53 Guard Tower
40:02 Guard Tower
40:06 Scout Tower
40:07 Scout Tower
40:08 Scout Tower
40:26 Guard Tower
40:36 Guard Tower
41:02 Guard Tower
41:51 Guard Tower
42:01 Scout Tower
42:03 Scout Tower
42:07 Scout Tower
42:08 Scout Tower
42:10 Scout Tower
42:11 Scout Tower
42:13 Scout Tower
42:15 Scout Tower
42:29 Guard Tower
42:33 Lumber Mill
43:06 Guard Tower
43:29 Scout Tower
43:30 Scout Tower
43:31 Scout Tower
43:32 Scout Tower
43:33 Scout Tower
43:34 Scout Tower
43:35 Scout Tower
43:36 Scout Tower
43:59 Guard Tower
44:32 Guard Tower
45:00 Guard Tower
45:08 Scout Tower
45:09 Scout Tower
45:10 Scout Tower
45:11 Scout Tower
45:12 Scout Tower
45:13 Scout Tower
45:14 Scout Tower
45:21 Scout Tower
45:22 Scout Tower
45:23 Scout Tower
45:24 Scout Tower
45:33 Guard Tower
46:17 Guard Tower
47:24 Guard Tower
47:27 Guard Tower
48:17 Town Hall
» items
Scroll of Regeneration15
Lesser Clarity Potion16
Circlet of Nobility3
Staff of Teleportation1
Potion of Healing12
Potion of Lesser Invulnerability1
Mechanical Critter2
50 total
team 3
HumanfineX (teal | 45 APM | 3308 actions | 73:25)
Hero icon 6 Archmage
Ability icon 3 Blizzard
Ability icon 2 Brilliance Aura
Ability icon 1 Mass Teleport
Hero icon 5 Paladin
Ability icon 3 Holy Light
Ability icon 2 Divine Shield
Hero icon 4 Blood Mage
Ability icon 2 Flame Strike
Ability icon 2 Banish

» actions
Assign group hotkey102
Basic commands22
Build / train271
Enter build submenu123
Enter hero's abilities submenu16
Give item / drop item2
Remove unit from queue9
Right click1195
Select / deselect726
Select group hotkey350
Use ability492
3308 total
» units
Peasant31
Footman5
Dragonhawk Rider-1
Gryphon Rider9
Flying Machine10
54 total
» upgrades
Masonry3
Swords3
Magic Sentry1
Storm Hammers1
Lumber Harvesting2
Armor2
Flak Cannons1
Flying Machine Bombs1
Gunpowder2
Plating1
17 total
» buildings
Altar of Kings1
Farm10
Lumber Mill1
Scout Tower361
Guard Tower140
Barracks1
Keep1
Arcane Vault1
Arcane Tower5
Blacksmith1
Castle1
Arcane Sanctum1
Gryphon Aviary2
Town Hall5
Workshop3
Cannon Tower12
546 total
» build order
00:06 Altar of Kings
00:09 Farm
00:40 Lumber Mill
00:47 Scout Tower
01:17 Scout Tower
01:18 Scout Tower
01:19 Scout Tower
01:50 Guard Tower
02:06 Guard Tower
02:24 Farm
02:26 Farm
02:34 Guard Tower
02:58 Guard Tower
03:02 Scout Tower
03:03 Scout Tower
03:29 Scout Tower
03:29 Scout Tower
03:58 Guard Tower
04:07 Barracks
04:42 Guard Tower
05:09 Keep
05:12 Scout Tower
05:13 Scout Tower
05:14 Scout Tower
05:15 Scout Tower
05:18 Guard Tower
05:31 Arcane Vault
05:46 Guard Tower
06:04 Farm
06:05 Farm
06:06 Farm
06:07 Arcane Tower
06:48 Guard Tower
07:02 Guard Tower
07:05 Farm
07:06 Farm
07:20 Blacksmith
08:15 Castle
08:21 Arcane Sanctum
08:29 Gryphon Aviary
09:21 Gryphon Aviary
11:31 Town Hall
11:39 Scout Tower
11:41 Scout Tower
13:07 Guard Tower
13:09 Scout Tower
13:10 Scout Tower
13:11 Scout Tower
13:56 Guard Tower
14:01 Scout Tower
14:03 Scout Tower
14:04 Scout Tower
14:05 Scout Tower
14:26 Guard Tower
14:30 Guard Tower
14:34 Farm
14:46 Scout Tower
14:47 Scout Tower
14:49 Scout Tower
14:51 Scout Tower
14:51 Scout Tower
15:23 Farm
15:42 Guard Tower
15:51 Scout Tower
15:52 Scout Tower
15:53 Scout Tower
15:55 Guard Tower
15:57 Guard Tower
17:18 Guard Tower
17:25 Town Hall
17:28 Scout Tower
17:29 Scout Tower
17:30 Scout Tower
17:32 Scout Tower
18:04 Guard Tower
18:45 Guard Tower
19:24 Guard Tower
22:11 Town Hall
22:28 Scout Tower
22:30 Scout Tower
22:32 Scout Tower
22:35 Scout Tower
22:36 Scout Tower
22:38 Scout Tower
22:39 Scout Tower
22:40 Scout Tower
22:42 Scout Tower
22:42 Scout Tower
22:43 Scout Tower
22:44 Scout Tower
22:45 Scout Tower
22:46 Scout Tower
22:47 Scout Tower
23:40 Guard Tower
24:08 Guard Tower
24:11 Scout Tower
24:12 Scout Tower
24:14 Scout Tower
24:15 Scout Tower
24:33 Scout Tower
24:34 Scout Tower
24:35 Scout Tower
24:36 Scout Tower
24:38 Scout Tower
24:40 Guard Tower
24:42 Guard Tower
25:02 Scout Tower
25:02 Scout Tower
25:03 Scout Tower
25:05 Guard Tower
25:06 Guard Tower
26:36 Guard Tower
26:39 Scout Tower
26:40 Scout Tower
26:41 Scout Tower
26:44 Scout Tower
26:45 Scout Tower
26:46 Scout Tower
26:47 Scout Tower
26:49 Scout Tower
26:49 Scout Tower
28:33 Guard Tower
28:34 Guard Tower
28:41 Town Hall
28:46 Scout Tower
28:47 Scout Tower
28:49 Scout Tower
28:49 Scout Tower
28:54 Scout Tower
28:54 Scout Tower
28:54 Scout Tower
28:56 Scout Tower
29:00 Scout Tower
29:33 Guard Tower
33:28 Guard Tower
33:31 Scout Tower
33:32 Scout Tower
33:32 Scout Tower
34:30 Workshop
34:36 Scout Tower
34:40 Scout Tower
34:41 Scout Tower
34:42 Scout Tower
34:43 Scout Tower
34:44 Scout Tower
34:45 Scout Tower
34:46 Scout Tower
34:47 Scout Tower
34:48 Scout Tower
34:49 Scout Tower
34:50 Scout Tower
34:51 Scout Tower
34:52 Scout Tower
34:53 Scout Tower
34:55 Scout Tower
34:55 Scout Tower
35:00 Guard Tower
35:03 Scout Tower
35:03 Scout Tower
35:04 Scout Tower
35:34 Guard Tower
35:39 Scout Tower
35:39 Scout Tower
35:40 Scout Tower
35:41 Scout Tower
35:42 Scout Tower
35:43 Scout Tower
35:53 Scout Tower
35:53 Scout Tower
35:54 Scout Tower
35:54 Scout Tower
36:01 Scout Tower
36:02 Scout Tower
36:03 Scout Tower
36:04 Guard Tower
36:07 Cannon Tower
36:12 Cannon Tower
36:28 Cannon Tower
36:32 Cannon Tower
36:35 Cannon Tower
36:47 Cannon Tower
36:53 Scout Tower
36:54 Scout Tower
36:55 Scout Tower
36:56 Scout Tower
36:57 Scout Tower
36:58 Guard Tower
37:21 Cannon Tower
37:26 Guard Tower
37:27 Guard Tower
37:35 Scout Tower
37:36 Scout Tower
37:37 Scout Tower
37:40 Scout Tower
37:48 Cannon Tower
38:02 Guard Tower
38:08 Cannon Tower
38:26 Guard Tower
38:29 Guard Tower
38:33 Scout Tower
38:34 Scout Tower
38:35 Scout Tower
38:36 Scout Tower
38:37 Scout Tower
38:41 Guard Tower
38:46 Cannon Tower
39:08 Guard Tower
39:14 Guard Tower
39:32 Guard Tower
39:34 Scout Tower
39:35 Scout Tower
39:36 Scout Tower
39:42 Guard Tower
39:47 Guard Tower
39:54 Guard Tower
40:01 Guard Tower
40:08 Scout Tower
40:10 Scout Tower
40:20 Guard Tower
40:29 Scout Tower
40:36 Guard Tower
40:44 Guard Tower
41:02 Scout Tower
41:04 Scout Tower
41:35 Guard Tower
41:54 Scout Tower
41:56 Scout Tower
41:58 Scout Tower
42:11 Guard Tower
42:21 Guard Tower
42:25 Workshop
42:26 Workshop
42:34 Guard Tower
42:37 Scout Tower
42:38 Scout Tower
42:40 Scout Tower
42:53 Scout Tower
42:54 Scout Tower
42:54 Scout Tower
42:56 Scout Tower
42:57 Scout Tower
42:58 Scout Tower
43:16 Cannon Tower
43:23 Guard Tower
43:26 Scout Tower
43:26 Scout Tower
43:29 Scout Tower
43:29 Scout Tower
43:31 Scout Tower
43:32 Guard Tower
43:40 Guard Tower
44:02 Scout Tower
44:03 Scout Tower
44:05 Scout Tower
44:15 Guard Tower
44:20 Guard Tower
44:21 Guard Tower
44:32 Guard Tower
44:41 Scout Tower
44:42 Scout Tower
44:46 Guard Tower
44:52 Scout Tower
44:54 Scout Tower
44:56 Scout Tower
45:00 Cannon Tower
45:18 Guard Tower
45:21 Guard Tower
45:34 Guard Tower
45:41 Scout Tower
46:09 Guard Tower
46:18 Guard Tower
46:24 Scout Tower
46:25 Guard Tower
46:46 Guard Tower
46:49 Scout Tower
46:51 Scout Tower
47:19 Guard Tower
47:31 Scout Tower
47:32 Guard Tower
47:40 Scout Tower
47:41 Scout Tower
47:42 Scout Tower
47:44 Scout Tower
47:45 Scout Tower
47:46 Scout Tower
47:47 Scout Tower
47:48 Scout Tower
47:49 Scout Tower
47:52 Scout Tower
47:52 Scout Tower
47:54 Scout Tower
47:55 Scout Tower
47:56 Scout Tower
48:01 Guard Tower
48:20 Guard Tower
48:52 Guard Tower
48:59 Scout Tower
49:01 Scout Tower
49:02 Guard Tower
49:42 Guard Tower
49:54 Guard Tower
50:09 Guard Tower
50:51 Guard Tower
50:59 Guard Tower
51:00 Guard Tower
51:24 Guard Tower
51:28 Guard Tower
51:36 Scout Tower
51:38 Scout Tower
51:39 Scout Tower
51:40 Scout Tower
51:44 Scout Tower
51:45 Scout Tower
51:46 Scout Tower
51:53 Scout Tower
51:56 Scout Tower
51:58 Scout Tower
52:31 Town Hall
52:37 Scout Tower
52:38 Scout Tower
52:38 Scout Tower
52:40 Scout Tower
52:47 Scout Tower
52:48 Scout Tower
52:50 Scout Tower
52:52 Guard Tower
53:31 Scout Tower
53:31 Scout Tower
53:37 Guard Tower
53:42 Scout Tower
53:49 Scout Tower
53:49 Scout Tower
53:50 Scout Tower
53:51 Scout Tower
53:52 Scout Tower
53:54 Scout Tower
53:55 Scout Tower
53:56 Scout Tower
53:56 Scout Tower
53:57 Scout Tower
53:58 Scout Tower
53:59 Scout Tower
54:00 Scout Tower
54:00 Scout Tower
54:01 Scout Tower
54:08 Guard Tower
54:14 Scout Tower
54:20 Guard Tower
54:33 Scout Tower
54:34 Scout Tower
54:34 Scout Tower
54:36 Scout Tower
54:37 Scout Tower
54:38 Scout Tower
54:39 Scout Tower
54:39 Scout Tower
54:43 Scout Tower
54:43 Scout Tower
55:26 Arcane Tower
55:28 Scout Tower
55:32 Scout Tower
55:33 Scout Tower
55:35 Guard Tower
55:36 Guard Tower
56:04 Arcane Tower
56:08 Scout Tower
56:10 Scout Tower
56:11 Scout Tower
56:12 Scout Tower
56:13 Scout Tower
56:14 Scout Tower
56:15 Guard Tower
56:28 Scout Tower
56:29 Scout Tower
56:30 Scout Tower
56:31 Scout Tower
56:31 Scout Tower
56:32 Scout Tower
56:54 Guard Tower
57:01 Guard Tower
57:11 Scout Tower
57:13 Scout Tower
57:15 Scout Tower
57:16 Scout Tower
57:18 Scout Tower
57:25 Guard Tower
57:35 Scout Tower
57:40 Guard Tower
57:58 Guard Tower
58:03 Guard Tower
58:08 Guard Tower
58:11 Scout Tower
58:25 Guard Tower
58:27 Scout Tower
58:41 Guard Tower
58:51 Scout Tower
58:54 Scout Tower
58:55 Scout Tower
58:56 Scout Tower
59:00 Guard Tower
59:13 Guard Tower
59:22 Guard Tower
60:13 Guard Tower
60:24 Scout Tower
60:27 Guard Tower
60:30 Scout Tower
60:31 Scout Tower
60:32 Scout Tower
60:33 Scout Tower
60:35 Scout Tower
60:35 Scout Tower
60:36 Scout Tower
60:38 Scout Tower
60:38 Scout Tower
60:39 Scout Tower
60:45 Guard Tower
60:48 Guard Tower
60:51 Guard Tower
60:56 Guard Tower
60:59 Scout Tower
61:00 Scout Tower
61:05 Scout Tower
61:37 Guard Tower
61:49 Guard Tower
61:59 Scout Tower
62:02 Scout Tower
62:06 Scout Tower
62:08 Scout Tower
62:10 Scout Tower
62:11 Scout Tower
62:15 Guard Tower
62:27 Arcane Tower
62:28 Arcane Tower
62:43 Guard Tower
62:54 Scout Tower
62:55 Scout Tower
62:56 Scout Tower
62:57 Scout Tower
62:58 Scout Tower
63:13 Guard Tower
63:28 Scout Tower
63:31 Scout Tower
63:32 Scout Tower
63:47 Guard Tower
64:06 Scout Tower
64:07 Scout Tower
64:08 Scout Tower
64:09 Scout Tower
64:10 Scout Tower
64:12 Scout Tower
64:14 Scout Tower
64:14 Scout Tower
64:17 Scout Tower
64:19 Scout Tower
64:20 Scout Tower
64:20 Scout Tower
64:21 Scout Tower
64:23 Scout Tower
64:25 Guard Tower
64:47 Guard Tower
64:49 Guard Tower
65:07 Scout Tower
65:09 Scout Tower
65:11 Scout Tower
65:14 Scout Tower
65:17 Scout Tower
65:18 Scout Tower
65:22 Guard Tower
65:30 Scout Tower
65:35 Guard Tower
65:58 Guard Tower
66:02 Scout Tower
66:03 Scout Tower
66:04 Scout Tower
66:06 Scout Tower
66:13 Guard Tower
67:03 Guard Tower
67:17 Scout Tower
67:20 Guard Tower
67:34 Scout Tower
67:38 Scout Tower
67:51 Guard Tower
68:01 Scout Tower
68:02 Scout Tower
68:10 Guard Tower
68:18 Scout Tower
68:22 Scout Tower
68:22 Scout Tower
68:49 Guard Tower
69:19 Scout Tower
69:21 Scout Tower
69:22 Scout Tower
69:25 Guard Tower
69:48 Scout Tower
69:53 Scout Tower
69:55 Scout Tower
69:56 Scout Tower
69:56 Scout Tower
69:58 Scout Tower
70:05 Guard Tower
70:16 Scout Tower
70:17 Scout Tower
70:18 Scout Tower
70:20 Scout Tower
70:21 Scout Tower
70:21 Scout Tower
70:25 Scout Tower
70:26 Scout Tower
70:27 Scout Tower
70:29 Scout Tower
70:52 Scout Tower
70:54 Scout Tower
70:55 Scout Tower
70:56 Scout Tower
70:57 Guard Tower
71:01 Guard Tower
71:09 Guard Tower
71:14 Scout Tower
71:15 Scout Tower
71:16 Scout Tower
71:17 Scout Tower
71:20 Scout Tower
71:21 Guard Tower
71:29 Guard Tower
71:32 Guard Tower
71:36 Scout Tower
71:55 Guard Tower
72:05 Guard Tower
72:08 Scout Tower
72:44 Scout Tower
72:46 Scout Tower
72:47 Scout Tower
72:47 Scout Tower
72:48 Scout Tower
72:49 Guard Tower
72:58 Scout Tower
72:59 Scout Tower
73:00 Scout Tower
73:02 Scout Tower
73:03 Scout Tower
73:04 Scout Tower
73:12 Scout Tower
73:14 Scout Tower
73:15 Scout Tower
73:16 Scout Tower
73:19 Guard Tower
» items
Scroll of Regeneration2
Potion of Mana2
Staff of Teleportation2
Orb of Fire2
Potion of Healing2
Staff of Sanctuary1
Scroll of Town Portal2
Boots of Speed1
14 total
team 4
Random» OrcCarlosW (purple | 57 APM | 1691 actions | 29:49)
Hero icon 3 Blademaster
Ability icon 2 Wind Walk
Ability icon 1 Critical Strike
Hero icon 3 Shadow Hunter
Ability icon 1 Hex
Ability icon 2 Healing Wave

» actions
Assign group hotkey21
Basic commands60
Build / train71
Enter build submenu21
Enter hero's abilities submenu6
Give item / drop item1
Remove unit from queue3
Right click803
Select / deselect322
Select group hotkey248
Use ability135
1691 total
» units
Peon11
Tauren3
Spirit Walker5
Troll Batrider6
25 total
» upgrades
Envenomed Spears1
Liquid Fire1
Ensnare1
Reinforced Defenses1
Spirit Walker Training2
Pulverize1
Melee Weapons2
Armor1
10 total
» buildings
Altar of Storms1
War Mill2
Orc Burrow8
Watch Tower10
Voodoo Lounge1
Stronghold6
Beastiary2
Fortress1
Tauren Totem2
Spirit Lodge1
Great Hall1
35 total
» build order
00:09 Altar of Storms
00:18 War Mill
00:54 Orc Burrow
01:47 Orc Burrow
02:16 Watch Tower
02:23 Watch Tower
02:33 Voodoo Lounge
03:19 Orc Burrow
03:29 Stronghold
03:29 Stronghold
03:29 Stronghold
03:30 Stronghold
03:53 Watch Tower
03:54 Watch Tower
06:27 Beastiary
06:28 Beastiary
07:00 Watch Tower
07:01 Watch Tower
07:05 Watch Tower
07:14 Fortress
08:51 Orc Burrow
08:52 Orc Burrow
08:58 Watch Tower
09:00 Watch Tower
11:24 Tauren Totem
11:31 Tauren Totem
11:47 War Mill
12:43 Spirit Lodge
16:28 Orc Burrow
16:30 Orc Burrow
16:32 Orc Burrow
22:56 Great Hall
23:01 Watch Tower
» items
Healing Salve5
Lesser Clarity Potion7
Scroll of Speed1
Orb of Lightning1
14 total
team 5
Random» NightElfMata. (green | 139 APM | 10194 actions | 73:25)
Hero icon 10 Demon Hunter
Ability icon 3 Mana Burn
Ability icon 3 Evasion
Ability icon 1 Metamorphosis
Ability icon 3 Immolation
Hero icon 8 Warden
Ability icon 3 Shadow Strike
Ability icon 3 Fan of Knives
Ability icon 1 Spirit of Vengeance
Ability icon 1 Blink
Hero icon 7 Keeper of the Grove
Ability icon 3 Entangling Roots
Ability icon 3 Thorns Aura
Ability icon 1 Tranquility

» actions
Assign group hotkey1165
Basic commands166
Build / train258
Enter build submenu77
Enter hero's abilities submenu27
Give item / drop item10
Remove unit from queue36
Right click4857
Select / deselect2293
Select group hotkey930
Use ability375
10194 total
» units
Wisp87
Archer3
Druid of the Talon13
Hippogryph1
Dryad7
Druid of the Claw8
119 total
» upgrades
Druid of the Talon Training2
Druid of the Claw Training2
Abolish Magic2
Resistant Skin1
Well Spring1
Strength of the Wild3
Reinforced Hides3
Ultravision1
Hardened Skin1
Nature's Blessing1
17 total
» buildings
Altar of Elders3
Moon Well14
Ancient of War3
Tree of Ages4
Tree of Life19
Ancient of Wind1
Hunter's Hall2
Tree of Eternity5
Ancient of Wonders3
Ancient of Lore6
Chimaera Roost1
Ancient Protector7
68 total
» build order
00:06 Altar of Elders
00:16 Moon Well
00:46 Ancient of War
01:40 Moon Well
02:30 Ancient of War
03:16 Moon Well
04:07 Tree of Ages
04:07 Tree of Ages
04:54 Moon Well
05:32 Tree of Life
05:45 Tree of Life
06:39 Ancient of Wind
06:41 Hunter's Hall
06:42 Tree of Eternity
07:02 Tree of Life
07:41 Ancient of Wonders
10:03 Ancient of Lore
11:05 Ancient of Lore
11:09 Ancient of Lore
11:09 Ancient of Lore
11:11 Ancient of Lore
12:17 Ancient of Lore
19:21 Ancient of Wonders
19:28 Ancient of Wonders
19:39 Tree of Life
25:06 Moon Well
25:06 Moon Well
25:07 Moon Well
27:55 Altar of Elders
27:56 Moon Well
28:18 Tree of Ages
28:23 Tree of Life
33:43 Tree of Life
39:07 Tree of Eternity
44:55 Tree of Life
45:00 Tree of Life
46:03 Tree of Life
47:47 Chimaera Roost
50:40 Tree of Life
52:22 Tree of Life
52:30 Tree of Life
52:36 Moon Well
52:38 Moon Well
52:39 Moon Well
52:40 Moon Well
53:07 Moon Well
53:08 Moon Well
53:22 Ancient Protector
53:39 Ancient Protector
53:40 Ancient Protector
53:46 Ancient Protector
53:59 Ancient Protector
54:00 Ancient Protector
54:19 Ancient Protector
56:44 Tree of Ages
57:27 Tree of Life
60:35 Altar of Elders
61:26 Ancient of War
61:40 Tree of Eternity
62:56 Hunter's Hall
63:29 Tree of Life
64:41 Tree of Life
64:44 Tree of Life
64:52 Tree of Life
64:55 Tree of Life
66:11 Tree of Life
» items
Scroll of Town Portal7
Orb of Venom3
Potion of Healing3
Staff of Preservation3
Dust of Appearance2
18 total
team 6
NightElfAnopob (yellow | 103 APM | 3055 actions | 29:33)
Hero icon 4 Demon Hunter
Ability icon 2 Mana Burn
Ability icon 2 Evasion
Hero icon 4 Warden
Ability icon 2 Shadow Strike
Ability icon 2 Fan of Knives
Hero icon 1 Keeper of the Grove
Ability icon 1 Thorns Aura

» actions
Assign group hotkey25
Basic commands95
Build / train71
ESC pressed4
Enter build submenu20
Enter hero's abilities submenu9
Remove unit from queue1
Right click1357
Select / deselect737
Select group hotkey550
Use ability185
3055 total
» units
Wisp17
Archer5
Dryad14
Druid of the Claw4
40 total
» upgrades
Nature's Blessing1
Ultravision1
Abolish Magic1
Reinforced Hides4
Well Spring1
Druid of the Claw Training2
Strength of the Wild3
Mark of the Claw2
15 total
» buildings
Altar of Elders1
Moon Well8
Ancient of War1
Tree of Ages1
Hunter's Hall1
Ancient of Lore2
Tree of Eternity1
Tree of Life1
Ancient of Wind1
17 total
» build order
00:13 Altar of Elders
00:19 Moon Well
00:38 Ancient of War
01:35 Moon Well
02:01 Moon Well
03:06 Tree of Ages
05:12 Hunter's Hall
06:52 Ancient of Lore
06:53 Ancient of Lore
07:21 Moon Well
08:15 Tree of Eternity
12:06 Moon Well
12:08 Moon Well
15:34 Tree of Life
17:27 Moon Well
17:34 Moon Well
20:02 Ancient of Wind
team 7
NightElfgreatone4reel (orange | 38 APM | 1397 actions | 36:58)
Hero icon 6 Demon Hunter
Ability icon 3 Immolation
Ability icon 2 Evasion
Ability icon 1 Metamorphosis
Hero icon 3 Priestess of the Moon
Ability icon 2 Trueshot Aura
Ability icon 1 Searing Arrows

» actions
Assign group hotkey23
Build / train96
Enter build submenu27
Enter hero's abilities submenu10
Remove unit from queue1
Right click593
Select / deselect361
Select group hotkey243
Use ability43
1397 total
» units
Wisp15
Archer22
Huntress28
Mountain Giant3
68 total
» upgrades
Strength of the Moon3
Moon Armor3
Improved Bows1
Hardened Skin1
Resistant Skin1
Upgrade Moon Glaive1
Marksmanship1
Well Spring1
12 total
» buildings
Altar of Elders1
Moon Well7
Ancient of War2
Hunter's Hall1
Ancient of Wonders1
Tree of Ages1
Tree of Life2
Tree of Eternity1
Ancient of Lore1
17 total
» build order
00:16 Altar of Elders
00:40 Moon Well
01:03 Ancient of War
01:48 Moon Well
02:55 Hunter's Hall
03:30 Moon Well
03:50 Ancient of War
04:32 Ancient of Wonders
04:39 Moon Well
07:12 Moon Well
11:08 Tree of Ages
13:30 Tree of Life
14:40 Moon Well
15:29 Moon Well
22:48 Tree of Eternity
25:19 Ancient of Lore
29:49 Tree of Life
» items
Potion of Lesser Invulnerability1
Scroll of Healing1
2 total
team 8
OrcGapInTheTooth (pink | 60 APM | 17 actions | 00:17)

» actions
Build / train1
Enter build submenu2
Right click7
Select / deselect5
Use ability2
17 total
» units
Peon1
1 total
» buildings
Altar of Storms1
Orc Burrow1
2 total
» build order
00:08 Altar of Storms
00:15 Orc Burrow
team 9
UndeadKalemi (gray | 26 APM | 742 actions | 28:06)
Hero icon 2 Crypt Lord
Ability icon 1 Impale
Ability icon 1 Spiked Carapace
Hero icon 1 Death Knight
Ability icon 1 Death Coil

» actions
Assign group hotkey1
Build / train61
Enter build submenu42
Enter hero's abilities submenu3
Give item / drop item1
Right click424
Select / deselect158
Use ability52
742 total
» units
Acolyte7
Ghoul8
Crypt Fiend2
Gargoyle9
26 total
» upgrades
Burrow1
Web1
2 total
» buildings
Altar of Darkness1
Ziggurat33
Crypt3
Graveyard1
Halls of the Dead1
Spirit Tower26
Nerubian Tower1
66 total
» build order
00:09 Altar of Darkness
00:19 Ziggurat
01:14 Crypt
02:26 Ziggurat
02:31 Ziggurat
04:01 Graveyard
04:19 Ziggurat
04:25 Ziggurat
04:55 Halls of the Dead
05:28 Spirit Tower
05:31 Spirit Tower
05:33 Spirit Tower
05:36 Spirit Tower
06:51 Crypt
08:26 Crypt
08:45 Ziggurat
08:51 Spirit Tower
09:54 Ziggurat
09:55 Spirit Tower
10:54 Spirit Tower
11:12 Ziggurat
11:17 Ziggurat
11:21 Ziggurat
11:26 Ziggurat
12:17 Spirit Tower
12:20 Spirit Tower
12:23 Spirit Tower
12:50 Spirit Tower
15:09 Ziggurat
15:14 Ziggurat
15:23 Ziggurat
15:27 Ziggurat
15:32 Ziggurat
15:54 Ziggurat
15:57 Ziggurat
16:00 Ziggurat
16:13 Spirit Tower
16:25 Spirit Tower
16:59 Spirit Tower
17:50 Spirit Tower
17:59 Nerubian Tower
18:03 Spirit Tower
18:50 Ziggurat
18:52 Ziggurat
22:42 Spirit Tower
22:43 Spirit Tower
22:52 Ziggurat
22:59 Ziggurat
23:05 Ziggurat
23:09 Ziggurat
23:18 Ziggurat
23:22 Ziggurat
23:25 Ziggurat
23:37 Ziggurat
23:42 Ziggurat
23:49 Ziggurat
24:01 Ziggurat
24:04 Ziggurat
24:08 Spirit Tower
24:12 Spirit Tower
24:49 Spirit Tower
25:22 Spirit Tower
26:12 Spirit Tower
26:14 Spirit Tower
26:21 Spirit Tower
27:17 Spirit Tower
team 10
Random» NightElfshadome (light-blue | 27 APM | 928 actions | 34:37)
Hero icon 5 Keeper of the Grove
Ability icon 3 Force of Nature
Ability icon 1 Thorns Aura
Ability icon 1 Entangling Roots

» actions
Build / train58
Enter build submenu23
Enter hero's abilities submenu7
Remove unit from queue3
Right click522
Select / deselect272
Use ability43
928 total
» units
Wisp14
Archer16
Chimaera3
Glaive Thrower2
Mountain Giant3
38 total
» upgrades
Corrosive Breath1
Strength of the Moon3
Strength of the Wild2
Reinforced Hides0
Moon Armor0
Well Spring1
7 total
» buildings
Ancient of War2
Altar of Elders1
Moon Well8
Tree of Ages1
Ancient of Wind1
Hunter's Hall1
Ancient Protector2
Tree of Eternity1
Chimaera Roost1
Ancient of Lore1
Ancient of Wonders1
20 total
» build order
00:10 Ancient of War
00:16 Altar of Elders
00:20 Moon Well
01:55 Moon Well
03:07 Moon Well
03:11 Moon Well
04:47 Tree of Ages
06:54 Ancient of War
07:19 Ancient of Wind
07:46 Hunter's Hall
09:12 Ancient Protector
11:18 Tree of Eternity
14:05 Chimaera Roost
16:12 Ancient Protector
16:32 Moon Well
16:56 Moon Well
18:31 Moon Well
19:55 Ancient of Lore
20:48 Moon Well
22:09 Ancient of Wonders
» items
Orb of Venom1
Potion of Mana1
2 total
team 11
HumanG[o]ReTecks (brown | 58 APM | 4051 actions | 69:24)
Hero icon 5 Archmage
Ability icon 3 Summon Water Elemental
Ability icon 2 Brilliance Aura
Hero icon 4 Mountain King
Ability icon 2 Storm Bolt
Ability icon 2 Thunder Clap
Hero icon 4 Paladin
Ability icon 2 Holy Light
Ability icon 2 Divine Shield

» actions
Assign group hotkey44
Basic commands142
Build / train156
Enter build submenu75
Enter hero's abilities submenu13
Give item / drop item2
Remove unit from queue3
Right click2000
Select / deselect1334
Select group hotkey42
Use ability239
4051 total
» units
Peasant28
Footman2
Mortar Team3
Rifleman2
Siege Engine11
Dragonhawk Rider5
Gryphon Rider10
Knight2
Priest2
Sorceress2
67 total
» upgrades
Lumber Harvesting1
Masonry3
Gunpowder3
Swords3
Magic Sentry1
Plating3
Barrage1
Cloud1
Animal War Training1
Priest Training1
Storm Hammers1
Armor2
Sorceress Training1
22 total
» buildings
Altar of Kings1
Farm13
Barracks1
Scout Tower38
Arcane Vault3
Arcane Tower5
Keep1
Lumber Mill2
Blacksmith1
Guard Tower17
Workshop4
Town Hall2
Castle1
Arcane Sanctum1
Gryphon Aviary2
92 total
» build order
00:08 Altar of Kings
00:13 Farm
00:34 Barracks
00:52 Farm
01:42 Scout Tower
01:55 Arcane Vault
02:18 Arcane Tower
02:36 Farm
02:38 Farm
03:02 Keep
03:13 Lumber Mill
05:17 Scout Tower
05:32 Blacksmith
06:38 Guard Tower
07:26 Workshop
07:55 Farm
08:06 Farm
08:07 Farm
08:50 Scout Tower
11:04 Town Hall
11:07 Scout Tower
11:08 Scout Tower
11:09 Scout Tower
11:09 Scout Tower
11:17 Scout Tower
11:17 Scout Tower
11:18 Scout Tower
11:30 Scout Tower
11:36 Guard Tower
11:42 Guard Tower
11:42 Guard Tower
11:47 Guard Tower
11:47 Guard Tower
12:03 Arcane Tower
12:31 Guard Tower
12:46 Scout Tower
13:15 Arcane Tower
13:37 Castle
14:28 Arcane Sanctum
16:27 Workshop
16:29 Workshop
16:31 Workshop
17:04 Scout Tower
17:04 Scout Tower
18:06 Scout Tower
18:07 Scout Tower
18:08 Scout Tower
18:09 Scout Tower
18:10 Scout Tower
18:11 Scout Tower
18:12 Scout Tower
18:57 Guard Tower
18:57 Guard Tower
18:57 Guard Tower
19:04 Arcane Tower
19:16 Gryphon Aviary
19:19 Gryphon Aviary
20:26 Farm
20:27 Farm
20:28 Farm
20:29 Farm
37:51 Arcane Vault
37:52 Arcane Vault
56:55 Town Hall
60:55 Guard Tower
61:36 Arcane Tower
62:02 Lumber Mill
64:48 Scout Tower
64:51 Scout Tower
64:53 Scout Tower
64:54 Scout Tower
64:56 Scout Tower
65:24 Guard Tower
65:25 Guard Tower
65:29 Scout Tower
65:34 Scout Tower
65:36 Scout Tower
65:41 Scout Tower
65:44 Scout Tower
65:45 Scout Tower
66:01 Guard Tower
66:14 Guard Tower
66:47 Farm
66:53 Farm
67:31 Scout Tower
67:32 Scout Tower
68:12 Guard Tower
68:16 Scout Tower
68:18 Scout Tower
68:47 Guard Tower
68:53 Scout Tower
68:55 Scout Tower
» items
Boots of Speed1
Scroll of Regeneration6
Ivory Tower11
Potion of Healing1
Staff of Teleportation1
20 total

Chat log

(00:05 / All) Anopob: GL HF NSN BATP
(00:08 / All) Sylink: ASS BATS
(00:10 / All) GapInTheTooth: BAPS
(00:13 / All) fineX: Michael Jackson nudes! Hot, unreleased! www.throneit.com
(00:17 / All) Sylink: 20 min no rush
(00:22 / All) G[o]ReTecks: lol
(00:24 / All) nonent: U KICK?
(00:25 / All) Anopob: lol
(00:28 / All) Sylink: noooooo
(00:43 / All) Sylink: this game going to mak emy computer cry
(00:44 / All) nonent: for real u kick?
(00:45 / All) G[o]ReTecks: are you serious about the no rush thing?
(00:51 / All) fineX: Michael Jackson nudes! Hot, unreleased! www.throneit.com
(00:52 / All) fineX: Michael Jackson nudes! Hot, unreleased! www.throneit.com
(00:54 / All) fineX: Michael Jackson nudes! Hot, unreleased! www.throneit.com
(01:00 / All) Sylink: yes im serious about an unenforceable rule
(01:10 / All) shadome: shut the hell up
(01:14 / All) nonent: get raped kike
(01:16 / All) Mata.: agree
(01:16 / All) Sylink: suk mah dick ima shark
(01:58 / All) Kalemi: -af Syling
(02:02 / All) Kalemi: -af Sylink
(02:05 / All) Kalemi: ffff
(02:09 / All) fineX: Michael Jackson nudes! Hot, unreleased! www.throneit.com
(02:10 / All) Kalemi: sylink how do i friend you? xD
(02:10 / All) fineX: Michael Jackson nudes! Hot, unreleased! www.throneit.com
(02:15 / All) Sylink: alt f4
(02:19 / All) Kalemi: DOUCHE
(02:20 / All) Kalemi: LOL
(02:34 / All) Sylink: my real screen name is buttsandwich72
(02:51 / All) Kalemi: that the name of your rapist or something?
(02:56 / All) Kalemi: *pedophile
(03:03 / All) Sylink: you have an asterisk
(03:06 / All) Sylink: that connects to nothing
(03:10 / All) Sylink: it works like this*
(03:12 / All) Sylink: *dum shit
(03:20 / All) Kalemi: *fuq you
(03:22 / All) Kalemi: *fuk you
(03:24 / All) Mata.: shhh noob play dont talk
(03:24 / All) Kalemi: *fuck you
(03:25 / All) Kalemi: t
(03:27 / All) Kalemi: that how it work?
(03:30 / All) Kalemi: xDD
(03:30 / All) Mata.: before i make noob ravioli outta you
(03:42 / All) Kalemi: my screname is kalas718
(03:48 / All) Kalemi: your funny Sylink xD
(03:48 / All) Sylink: mine is ballsinurmouth.co
(04:05 / All) Sylink: my real name is marty
(04:10 / All) fineX: Michael Jackson nudes! Hot, unreleased! www.throneit.com
(04:10 / All) Mata.: TRUE
(04:11 / All) fineX: Michael Jackson nudes! Hot, unreleased! www.throneit.com
(04:12 / All) Sylink: finex u jerk
(04:14 / All) fineX: Michael Jackson nudes! Hot, unreleased! www.throneit.com
(04:14 / All) fineX: Michael Jackson nudes! Hot, unreleased! www.throneit.com
(04:15 / All) fineX: Michael Jackson nudes! Hot, unreleased! www.throneit.com
(04:15 / All) fineX: Michael Jackson nudes! Hot, unreleased! www.throneit.com
(04:16 / All) fineX: Michael Jackson nudes! Hot, unreleased! www.throneit.com
(04:16 / All) fineX: Michael Jackson nudes! Hot, unreleased! www.throneit.com
(05:15 / All) Mata.: if a noob sucks a dick in the woods
(05:18 / All) Mata.: is that noob sylink ?
(05:24 / All) Mata.: a riddle
(05:36 / All) fineX: my frend sylink would never suck a dick
(05:43 / All) Sylink: at least my country has shitty healthcare owned
(05:51 / All) Kalemi: why ou asked him?
(05:59 / All) Mata.: when you gonna get married again
(06:00 / All) Mata.: you ol dog
(06:09 / All) Sylink: i got married 2 weeks ago
(06:12 / All) Mata.: oh yeah
(06:13 / All) Kalemi: ugh
(06:16 / All) Kalemi: i forgot how to add @_@
(06:27 / All) fineX: you didnt forgot how to suck my huge fat nigger dick
(06:39 / All) Kalemi: amazing
(06:41 / All) Anopob: oj dont do it
(06:46 / All) Anopob: u will regret it

(14:01 / All) Anopob: holy fuck

(21:29 / All) G[o]ReTecks: wtf is up with tower massing
(21:33 / All) Sylink: welcome to ffa
(21:35 / All) Mata.: who would do something like that
(21:39 / All) G[o]ReTecks: true
(21:42 / All) G[o]ReTecks: but still
(21:46 / All) G[o]ReTecks: its fucking annying
(21:50 / All) Sylink: so are you
(21:54 / All) G[o]ReTecks: well see
(21:56 / All) Anopob: my wisp was scouting and on my map theres like 12 guard towersz lol
(22:04 / All) Sylink: 12 thats it
(22:13 / All) Anopob: in a fucking clump
(22:21 / All) Sylink: layers of an onion man
(22:28 / All) Mata.: in a chump clump
(22:42 / All) Mata.: im gonna play towerless
(22:47 / All) Anopob: lol
(22:48 / All) Mata.: towerless but not powerless, is my motto
(22:52 / All) nonent: same
(22:55 / All) nonent: im killing all mine
(23:02 / All) nonent: so gay in ffa where they mass tower
(23:06 / All) Anopob: GREEN STOP CAMPING
(23:10 / All) Anopob: lol
(23:11 / All) Mata.: lol owned
(23:16 / All) Mata.: that's ownage
(23:19 / All) Mata.: o.w.n.
(23:20 / All) Anopob: um no..
(23:23 / All) Anopob: i had 2 archers
(23:24 / All) Anopob: vs 3 heroes
(23:27 / All) Mata.: got your ass dusted son
(23:28 / All) Anopob: and like 5 dryads
(23:35 / All) Anopob: ok thats just being dick
(23:50 / All) Mata.: got some dust in yo eye ?
(24:18 / All) Sylink: CARLOOSSS
(24:54 / All) Mata.: aww sheeit son
(25:29 / All) Mata.: i just literally fucked you in the ass yello
(25:38 / All) Anopob: u killed a hero. and like, a dryad
(25:51 / All) Mata.: w/ my dick
(25:56 / All) Anopob: thats what she said

(27:03 / All) Mata.: wiould you look at that
(27:05 / All) Mata.: i get gayed
(27:07 / All) Anopob: pwnt green
(27:09 / All) Anopob: gtrfo
(27:18 / All) Mata.: damn son im gonna kill you so bad
(27:22 / All) Anopob: kk
(27:24 / All) Mata.: all of you
(27:34 / All) Sylink: as long as brown loses im cool
(27:40 / All) Anopob: as long as green loses im cool

(29:13 / All) Anopob: dont hate oj
(29:21 / All) Mata.: im coming for your daughter yellow
(29:22 / All) fineX: dont hate the playa
(29:23 / All) fineX: hate the game
(29:30 / All) Anopob: NO OJ
(29:32 / All) Anopob: IMA LOSE
(29:34 / All) Mata.: owned
(29:37 / All) Mata.: i wanted to do that tho
(29:57 / All) Mata.: who's left ?
(30:02 / All) shadome: purple
(30:02 / All) Mata.: ah the ne
(30:04 / All) Sylink: u
(30:11 / All) nonent: dont forget me!
(30:15 / All) shadome: fUCK YOU
(30:38 / All) shadome: i was fighting purple
(30:44 / All) Mata.: i end u now
(30:45 / All) Mata.: yes ???
(30:50 / All) nonent: SHOW ME YOUR GENITALS
(31:30 / All) Mata.: orange come here
(31:39 / All) Mata.: yes
(31:40 / All) Mata.: like this
(31:48 / All) shadome: homos
(32:31 / All) Sylink: go away finex
(32:56 / All) Mata.: thanks for level 1 billion
(33:18 / All) nonent: I LET U HAVE ONE PEON
(33:22 / All) nonent: OK BUDDY
(33:37 / All) Sylink: get out of my expo
(33:55 / All) Mata.: yo sy
(34:01 / All) Sylink: sup
(34:07 / All) Mata.: just cleaning up on this side
(34:14 / All) shadome: kill me bich
(34:17 / All) Mata.: on it
(34:22 / All) nonent: get teh broom
(34:58 / All) Mata.: so you guys towered top or what
(35:03 / All) Sylink: no
(35:03 / All) nonent: yase

(36:08 / All) nonent: wow teal hacks
(36:11 / All) nonent: wowowoww
(36:19 / All) fineX: i have tower hack
(36:21 / All) fineX: it makes towers
(36:45 / All) Mata.: i love 2 hack
(37:01 / All) Mata.: ok
(37:05 / All) Mata.: one last pubby left ?
(37:08 / All) fineX: yes
(37:11 / All) Mata.: Whereis brown
(37:16 / All) Sylink: he is trapped
(37:23 / All) Sylink: between a rock and a hard place
(38:17 / All) Mata.: is many tower
(38:24 / All) fineX: tower hack
(38:29 / All) Mata.: oh
(38:46 / All) Mata.: Gonna explore
(38:54 / All) fineX: dont explore right above my base...
(39:01 / All) Mata.: why nott
(39:05 / All) fineX: u will die
(39:08 / All) G[o]ReTecks: god this is gay
(39:11 / All) Sylink: u r
(39:14 / All) G[o]ReTecks: mass towers on all my sides
(39:19 / All) G[o]ReTecks: dude sylink I pwn you 1v1 man
(39:21 / All) G[o]ReTecks: Ok bro?>
(39:25 / All) Sylink: dude i pwn u
(39:32 / All) Sylink: hello bears
(39:33 / All) Mata.: sy what are you doin
(39:37 / All) Sylink: kill my gryphon
(39:38 / All) Sylink: plz
(39:46 / All) Sylink: i have other plans
(39:49 / All) Sylink: free xp for you
(39:57 / All) Sylink: dam
(39:59 / All) Sylink: someone got fed
(40:05 / All) Mata.: who.
(40:11 / All) Sylink: did you have all pubby on bottm or what
(40:20 / All) Mata.: yeah
(40:23 / All) Sylink: this land is mine excuse me
(40:27 / All) Mata.: i explore ok
(40:32 / All) Mata.: guess not ok
(40:35 / All) Sylink: find another pss
(40:42 / All) Sylink: nothing up here to see but towers
(41:23 / All) Sylink: go away tia
(41:25 / All) Mata.: fine
(41:36 / All) Sylink: seriously you arent missing anything up here
(41:41 / All) Sylink: except brown camping his base
(41:49 / All) Mata.: i could get in if i wanted
(42:44 / All) fineX: my tower fu is strong
(43:03 / All) Mata.: so now what? what's your exit strategy
(43:12 / All) Sylink: who says i want to leave
(43:45 / All) Mata.: gonna practice my towerbusting this game
(43:53 / All) Sylink: i guess so
(44:09 / All) Sylink: nonent our towers are really close together in some spots
(44:15 / All) Mata.: shared bases
(44:26 / All) Sylink: team melee would be awesome tbqh
(44:33 / All) Mata.: team melee in war3 is really boring
(44:33 / All) Sylink: and doubled supply limit
(44:34 / All) Mata.: tried it
(44:36 / All) Mata.: was gay
(45:31 / All) fineX: three heroes.. sealed away in towers... for all eternity
(45:38 / All) Sylink: its like dota
(46:07 / All) Mata.: wtf...........

(47:13 / All) Sylink: sup brown peasants
(47:31 / All) Mata.: damn
(47:32 / All) Sylink: what can brown do for you
(47:32 / All) Mata.: hardly a dent yo
(47:35 / All) Mata.: i need stronger hero

(49:15 / All) Mata.: yo wtf why are you expanding on bottom
(49:17 / All) Mata.: if i cant expand on top
(49:23 / All) Sylink: i been there
(49:25 / All) Sylink: condolences
(49:27 / All) fineX: so much towers @_@
(49:50 / All) Mata.: you guys are gonna have to give me some reserves
(49:52 / All) Mata.: parks or something
(49:59 / All) Mata.: where my kotg and k his g
(50:00 / All) fineX: you dirty indian
(50:14 / All) Sylink: for the swarm
(51:10 / All) Mata.: fuck it im moving up top with you guys
(51:19 / All) fineX: dont go above my base
(51:57 / All) G[o]ReTecks: This is gay premade alliacnes and you guys suck bad no micro
(52:04 / All) Sylink: who needs micro
(52:12 / All) G[o]ReTecks: true ffa has no micro
(52:15 / All) G[o]ReTecks: but still
(52:22 / All) G[o]ReTecks: blue is wretched bad
(52:29 / All) nonent: whut
(52:59 / All) nonent: lmao
(53:16 / All) Mata.: this is my new home away from home

(54:41 / All) Mata.: yo i want this island thing too
(54:44 / All) Sylink: I DONT THINK SO
(54:47 / All) nonent: k
(55:11 / All) Sylink: he was holding my flank

(56:54 / All) Mata.: are you trying to wipe me out sylink?
(57:05 / All) Mata.: VERY rude if so
(57:07 / All) Sylink: why would i do that
(57:13 / All) Sylink: i just claiming the southern provinces
(57:15 / All) Sylink: for the swarm

(58:19 / All) Sylink: so we have one pubbie
(59:03 / All) Mata.: yaya brown
(59:07 / All) Mata.: i going for red
(59:08 / All) G[o]ReTecks: green I pose no threat
(59:30 / All) Sylink: not very nice
(59:36 / All) Mata.: done finex
(59:37 / All) Mata.: done deal
(59:43 / All) fineX: no dont do it

(61:18 / All) Mata.: my heroes are strong heroes
(61:23 / All) fineX: dont do it
(61:44 / All) fineX: it bad for u health
(62:25 / All) fineX: brown you fol
(62:48 / All) fineX: you fool!!!!!!!!!
(63:31 / All) G[o]ReTecks: that is a joke teal
(63:40 / All) fineX: This Is No Joke
(63:45 / All) G[o]ReTecks: i think thats the most towers Ive ever seen
(63:55 / All) fineX: i told u i have tower hack

(65:07 / All) G[o]ReTecks: gg red
(65:12 / All) Sylink: Bye
(65:15 / All) G[o]ReTecks: jk
(65:30 / All) Mata.: (was not gg)
(65:47 / All) G[o]ReTecks: oh fuck no
(65:52 / All) G[o]ReTecks: these kids dont know how to play ffa
(65:59 / All) G[o]ReTecks: they just ruin the game
(66:08 / All) fineX: i think im winning
(66:43 / All) Sylink: gyros WHEE
(66:50 / All) Sylink: ownage
(66:59 / All) fineX: i needed rid of them
(67:03 / All) Sylink: me too
(67:12 / All) Sylink: so mata
(67:15 / All) Sylink: do you just have your island
(67:19 / All) Mata.: ye
(67:23 / All) fineX: mata come above my base
(67:27 / All) Mata.: you could out me if you wanted prob
(67:30 / All) Mata.: so im just camping it
(67:37 / All) Sylink: i had to get out of high
(67:40 / All) fineX: i have quite a few towers
(67:49 / All) Mata.: ok i come above but sylink dont hit my island
(67:52 / All) Sylink: lmaoo at that shit
(67:55 / All) Sylink: i wont
(67:58 / All) Mata.: dont care about colonies
(67:58 / All) Sylink: that is seriously
(68:02 / All) Sylink: A lot of towers
(68:06 / All) fineX: but maybe just do a reveal
(68:08 / All) fineX: its a lot of towers
(68:19 / All) Mata.: i can already tell im gonna crash
(68:21 / All) Mata.: my dh die ?
(68:27 / All) fineX: prolly
(68:29 / All) Mata.: how long can he survive this many towers
(68:34 / All) fineX: like 2s maybe
(68:40 / All) Mata.: nah he good
(68:44 / All) fineX: thats not even the bulk part
(68:47 / All) Sylink: question is who has the most gold
(68:52 / All) fineX: i have 12k
(68:58 / All) Mata.: i have 24k
(68:58 / All) Sylink: are you still mining
(69:22 / All) Sylink: sow here is browns last building
(69:26 / All) Sylink: nm
(69:29 / All) Sylink: we win i guess
(69:32 / All) Mata.: wait
(69:34 / All) Mata.: i wanna check out the towers
(69:37 / All) Mata.: gotta heal dh first tho
(69:39 / All) Sylink: im not going yet
(69:42 / All) fineX: u gon die
(69:49 / All) Mata.: yea no meta
(69:51 / All) Sylink: finex
(69:53 / All) Sylink: your towers
(69:56 / All) Sylink: just below top left
(69:58 / All) Sylink: im gonna fly into
(70:02 / All) fineX: ok
(70:25 / All) Sylink: allah
(70:37 / All) fineX: three heroes
(70:41 / All) fineX: sealed away in the towers forever
(70:42 / All) Mata.: ok in i go
(70:44 / All) Sylink: in a box
(70:47 / All) Sylink: They arent actually trapped
(70:48 / All) fineX: lest their power be unleashed
(70:55 / All) Mata.: it's in there yes or what
(71:00 / All) Mata.: which one is it
(71:05 / All) fineX: ?
(71:10 / All) Sylink: good no upkeep
(71:17 / All) Mata.: iis it the 9 or 11 base
(71:21 / All) Sylink: you could farm hide forever on this shit
(71:23 / All) fineX: 9
(71:51 / All) fineX: 11 has heroes
(71:52 / All) Sylink: it would take a long time to destroy all those towers
(72:19 / All) Sylink: i will end this game with 36k gold
(72:19 / All) fineX: um u ded
(72:25 / All) Mata.: yeah i died
(72:28 / All) Mata.: many towers in way
(73:08 / All) Sylink: so we done here
(73:12 / All) Mata.: yea
(73:22 / All) Mata.: gays OUT
(73:22 / All) fineX: i wonder how many tower i have
(73:24 / All) Sylink: i mean i could sepdn this gold